woodfighter, lawful female dwarven Priestess -----.- --.....-- ----------- .. -..-# ----..........# |.. |..|#######%###########.............|# |.r---..|# |........>...|# -.@@s.--# |............|# -x-----## ########## ##-......^.`----# o #### ------# # -.--------- # o # |....|####### # # o ######.....-----# # # # |.....{..-# # ### ###|....<...|# # # #-........|######################### # ---------- # ----.---- # |......`| ##........| |.......| --------- woodfighter the Acolyte Experience level: 5 Strength: 9 Dexterity: 11 Constitution: 15 Intelligence: 17 Wisdom: 12 Charisma: 12 Health: 0(45) Energy: 17(17) Def: 3 Gold: 625 Moves: 2519 Dungeon seed: RD7nnOWjlkDGxWAI Game ID: woodfighter_1553444379 Your Inventory: Coins $ - 625 gold pieces Weapons a - a blessed +1 mace (weapon in hand) Armor e - a +0 robe (being worn) n - a +0 small shield (being worn) Comestibles c - a clove of garlic d - a sprig of wolfsbane j - 3 food rations J - a tripe ration Scrolls K - a scroll of genocide Potions L - a potion of unholy water Wands f - a wand of cancellation (0:1) t - a wand of enlightenment (0:11) w - a wand of light (0:12) x - a wand of enlightenment (0:11) Tools s - a sack y - a lock pick Gems q - a jet z - a worthless piece of red glass Contents of the sack: a scroll of destroy armor a scroll of enchant weapon a scroll of identify a scroll of scare monster a spellbook of healing a cursed spellbook of identify a cursed potion of fruit juice 2 potions of full healing 4 potions of holy water a cursed ring of aggravate monster a ring of searching a worthless piece of white glass Spells and supernatural/magical abilities: Name Level Category Fail Memory h - healing 1 healing 0% 88% l - light 1 divination 0% 88% p - protection 1 clerical 0% 88% W - pray for help -- divine ? -- X - turn undead -- divine ? -- Your skills at the end: Miscellaneous Skills shield [Basic] wands [Basic] Weapon Skills pick-axe [Basic] mace [Basic] Spellcasting Skills clerical spells [Basic] Final Attributes: You were fervently aligned. You were telepathic. You had infravision. You were stealthy. You are dead. Vanquished creatures: a floating eye a kitten a homunculus 3 hill orcs a jitterbug a gas spore 2 acid blobs 3 geckos 3 cave spiders 2 yellow molds a red mold 5 jackals a kobold 4 newts a goblin a sewer rat 9 grid bugs 2 bats 6 lichens a kobold zombie 49 creatures vanquished. Voluntary challenges: You did not adorn yourself with jewelry or accessories. You did not cause conflict. You were not invisible. You did not have reflection. You were not displaced. You were an atheist. You used a wielded weapon 61 times, starting on turn 21. You did not apply a unicorn horn. You did not use plumbed fixtures. You did not drink any magical draughts. You were illiterate. You never genocided any monsters. You never polymorphed an object. You never changed form. You used no wishes. You never split a pudding. You never wrote Elbereth's name. You never violated your personal moral code. Dungeon overview: The Dungeons of Doom: levels 1 to 6 Level 1 (water) a long staircase Level 2 a general store, some fountains stairs to The Gnomish Mines Level 3 a sink Level 4 ( ) a fountain Level 5 <- You were here a fountain Level 6 The Gnomish Mines: Level 3 stairs to The Dungeons of Doom History has recorded: On T:1 you entered the Dungeons of Doom to retrieve the Amulet of Yendor! On T:70 you reached level 2 of The Dungeons of Doom. On T:94 you reached level 3 of The Dungeons of Doom. On T:305 you reached level 1 of The Gnomish Mines. On T:417 you advanced to experience level 2. On T:914 you advanced to experience level 3. On T:1168 you reached level 4 of The Dungeons of Doom. On T:1435 you reached level 5 of The Dungeons of Doom. On T:1829 you advanced to experience level 4. On T:2285 you reached level 6 of The Dungeons of Doom. On T:2514 you advanced to experience level 5. Score breakdown: Gold: 625 ( 62 points) Experience: 5 levels ( 400 points) Exploration: 6 levels ( 150 points) Discoveries: 17 items ( 850 points) Variety of kills: 20 monsters ( 1000 points) Major goal: (nothing yet) ( 0 points) Survival: died (score multiplied by 3) Total score: 7386 Latest messages: The jitterbug bites! The hill orc throws a crude dagger! The crude dagger misses the jitterbug. You are almost hit by a crude dagger. The jitterbug bites! (2x) The wererat summons help! The wererat punches you! The jitterbug bites! You feel more confident in your weapon skills. You hit the wererat. The jitterbug bites! The wererat punches you! The jitterbug just misses! You hit the wererat! The giant rat misses. The jitterbug bites! The wererat punches you! The jitterbug bites! The giant rat bites! The jitterbug bites! The hill orc zaps a tin wand! A wand of cancellation shatters into a thousand pieces! The wand hits the jitterbug. The wand hits you. You hear the howling of the CwnAnnwn... The wererat punches you! You die... Final status: Goodbye woodfighter the Priestess, killed by a wererat... You died in The Dungeons of Doom on dungeon level 5 with 7386 points, and 625 pieces of gold, after 2519 moves. You were level 5 with a maximum of 45 hit points when you died.